 Dungeon Sprint DCSS version 0.16.2-12-gd0ad4c3 (webtiles) character file.

1241 Horhen the Eclecticist (level 8, -3/41 HPs)
             Began as a Deep Elf Conjurer on Sept 24, 2015.
             Was a Believer of Vehumet.
             Slain by a deep troll (19 damage)
             ... in the Dungeon (Sprint I: "Red Sonja").
             The game lasted 00:04:56 (1012 turns).

Horhen the Eclecticist (Deep Elf Conjurer)          Turns: 1012, Time: 00:04:56

Health: -3/41      AC:  2    Str:  5    XL:     8   Next: 25%
Magic:  16/32      EV: 13    Int: 23    God:    Vehumet [**....]
Gold:   725        SH:  0    Dex: 15    Spells: 5 memorised, 22 levels left

rFire  . . .     SeeInvis .     h - +0 dagger
rCold  . . .     Clarity  .     a - +0 robe
rNeg   . . .     SustAb   .     (no shield)
rPois  .         Gourm    .     (no helmet)
rElec  .         Spirit   .     (no cloak)
rCorr  .         Warding  .     (no gloves)
rMut   .         NoTele   +     (no boots)
MR     .....                    (no amulet)
Stlth  ++........               (no ring)
                                (no ring)

@: not resistant to hostile enchantments, unstealthy
A: no striking features
a: Renounce Religion


You were in the Dungeon.
You worshipped Vehumet.
Vehumet was pleased with you.
You were hungry.

You visited 1 branch You collected 725 gold pieces.

Inventory:

Hand weapons
 h - a +0 dagger (weapon)
Armour
 a - a +0 robe (worn)
Magical devices
 j - a wand of frost (32)
Scrolls
 i - a scroll of blinking
 l - 2 scrolls of identify {unknown}
Potions
 d - 3 potions of curing
 e - a potion of heal wounds
 f - a potion of haste
 g - 2 potions of magic
Books
 c - a book of Conjurations

   Spells                             Type                      Level
   a - Magic Dart                     Conjuration                  1
   b - Searing Ray                    Conjuration                  2
   c - Dazzling Spray                 Conjuration/Hexes            3
   d - Fulminant Prism                Conjuration/Hexes            4
   e - Iskenderun's Mystic Blast      Conjuration                  4
   f - Iskenderun's Battlesphere      Conjuration/Charms           5
Comestibles
 b - a bread ration
 k - a fruit


   Skills:
 - Level 2.4 Dodging
 - Level 2.4 Stealth
 * Level 15.6 Spellcasting
 - Level 13.9 Conjurations
 - Level 2.1 Hexes
 - Level 4.8 Charms


You had 22 spell levels left.
You knew the following spells:

 Your Spells              Type           Power        Failure   Level  Hunger
a - Magic Dart            Conj           ####         0%          1    None
b - Iskenderun's Battles  Conj/Chrm      ######..     1%          5    ##.....
c - Searing Ray           Conj           ######       0%          2    None
d - Iskenderun's Mystic   Conj           ######..     1%          4    None
e - Fulminant Prism       Conj/Hex       ######....   1%          4    None


Dungeon Overview and Level Annotations

Branches:
Dungeon (1/1)

Altars:
Cheibriados
Dithmenos
Elyvilon
Fedhas
Gozag
Kikubaaqudgha
Makhleb
Nemelex Xobeh
Okawaru
Qazlal
Ru
Sif Muna
Trog
Vehumet
Xom
Yredelemnul
Zin
The Shining One
Jiyva

Shops:
D !(


Message History

The orb of energy explodes!
Your battlesphere fires!
The barrage of energy hits the deep troll.
The deep troll is moderately wounded.
The deep troll barely misses you. The deep troll claws you!
The deep troll claws you!
Unknown command.
Casting: Iskenderun's Mystic Blast
Confirm with . or Enter, or press ? or * to list all spells.
Aiming: Iskenderun's Mystic Blast
Press: ? - help, Shift-Dir - straight line, f/p - deep troll
Aim: a deep troll (moderately wounded)
The orb of energy hits the deep troll.
The deep troll is heavily wounded.
The orb of energy explodes!
Your battlesphere fires!
The barrage of energy hits the deep troll.
The deep troll is severely wounded.
The deep troll bites you!!
You die...

#.)#####'#####'#__####...+
#..####..#...#.#### #####
#..#__####..##.#
#..#_..__##'#..+
#⌠⌠#_.∩...'(.._#
####_..._##_)#'#
#_____###'#.#
############.####+###
#∩^.......'@T.'$$.$$+
###++++####...#######
###.### #.#'#.# #..*..#
#..)..# #######


You could see a deep troll.

Vanquished Creatures
  2 kobold demonologists (D)
  Sonja (D)
  A slime creature (D)
  A yak (D)
  An ogre (D)
  Sigmund (D)
  A jelly (D)
  Ijyb (D)
  A giant eyeball (D)
  A giant spore (D)
  A ballistomycete (D)
12 creatures vanquished.

Vanquished Creatures (others)
  4 fulminant prisms (D)
  A giant spore (D)
5 creatures vanquished.

Grand Total: 17 creatures vanquished

Notes
Turn   | Place    | Note
--------------------------------------------------------------
     0 | D        | Horhen, the Deep Elf Conjurer, began the quest for the Orb.
     0 | D        | Reached XP level 1. HP: 10/10 MP: 5/5
     2 | D        | Noticed Ijyb
    15 | D        | Killed Ijyb
    15 | D        | Reached skill level 6 in Conjurations
    15 | D        | Reached XP level 2. HP: 15/15 MP: 4/10
    32 | D        | Learned a level 2 spell: Searing Ray
    49 | D        | Noticed an ogre
    59 | D        | Killed an ogre
    59 | D        | Reached skill level 7 in Spellcasting
    59 | D        | Reached skill level 9 in Conjurations
    59 | D        | Reached XP level 3. HP: 19/19 MP: 4/17
    59 | D        | Reached XP level 4. HP: 24/24 MP: 4/20
    68 | D        | Learned a level 4 spell: Fulminant Prism
    73 | D        | Learned a level 4 spell: Iskenderun's Mystic Blast
   264 | D        | Noticed Sigmund
   268 | D        | Killed Sigmund
   268 | D        | Reached skill level 10 in Conjurations
   268 | D        | Reached XP level 5. HP: 28/28 MP: 14/23
   327 | D        | Learned a level 5 spell: Iskenderun's Battlesphere
   338 | D        | Found a deep blue altar of Sif Muna.
   339 | D        | Noticed a jelly
   340 | D        | Found a radiant altar of Vehumet.
   343 | D        | Killed a jelly
   352 | D        | Became a worshipper of Vehumet
   353 | D        | Found Pnonoxem's Antique Weapon Emporium.
   353 | D        | Found a white marble altar of Elyvilon.
   353 | D        | Found a burning altar of Makhleb.
   353 | D        | Found a sacrificial altar of Ru.
   353 | D        | Found a glowing golden altar of the Shining One.
   353 | D        | Found an opulent altar of Gozag.
   353 | D        | Found a glowing silver altar of Zin.
   353 | D        | Noticed a yak
   354 | D        | Found a stormy altar of Qazlal.
   354 | D        | Found a basalt altar of Yredelemnul.
   354 | D        | Found a shimmering altar of Xom.
   361 | D        | Killed a yak
   361 | D        | Reached skill level 10 in Spellcasting
   361 | D        | Reached skill level 12 in Conjurations
   361 | D        | Reached XP level 6. HP: 12/32 MP: 2/26
   371 | D        | Found an iron altar of Okawaru.
   371 | D        | Found a sparkling altar of Nemelex Xobeh.
   371 | D        | Found an ancient bone altar of Kikubaaqudgha.
   384 | D        | Found a bloodstained altar of Trog.
   570 | D        | Found a viscous altar of Jiyva.
   570 | D        | Found a blossoming altar of Fedhas.
   570 | D        | Noticed a slime creature
   571 | D        | Found a snail-covered altar of Cheibriados.
   571 | D        | Found a shadowy altar of Dithmenos.
   576 | D        | Killed a slime creature
   576 | D        | Reached XP level 7. HP: 24/36 MP: 11/29
   679 | D        | Noticed a kobold demonologist
   682 | D        | Acquired Vehumet's first power
   682 | D        | Offered knowledge of Shock by Vehumet.
   682 | D        | Killed a kobold demonologist
   682 | D        | Reached skill level 14 in Spellcasting
   683 | D        | Noticed a kobold demonologist
   683 | D        | Killed a kobold demonologist
   683 | D        | Reached XP level 8. HP: 41/41 MP: 17/32
   748 | D        | Noticed Sonja
   751 | D        | Killed Sonja
   751 | D        | Reached skill level 15 in Spellcasting
   891 | D        | Found Erphadum's Distillery.
  1006 | D        | Noticed a deep troll
  1012 | D        | Slain by a deep troll

Action                   |  1- 3 |  4- 6 |  7- 9 || total
-------------------------+-------+-------+-------++-------
Melee: Unarmed           |    10 |       |       ||    10
       Dagger            |       |       |    11 ||    11
 Cast: Magic Dart        |     2 |     5 |     4 ||    11
       Searing Ray       |     1 |     2 |       ||     3
       Fulminant Prism   |       |     1 |     3 ||     4
       Iskenderun's Batt |       |     4 |     3 ||     7
       Iskenderun's Myst |       |     3 |     4 ||     7
  Use: Potion            |     1 |       |       ||     1
  Eat: Fruit             |       |       |     2 ||     2
